 Dungeon Crawl Stone Soup version 0.20.1-1-g8b1a95d66d (webtiles) character file.

347 NullDivider the Jinx (level 6, 0/24 HPs)
             Began as a Felid Enchanter on Nov 15, 2017.
             Was an Initiate of Dithmenos.
             Shot with an arrow by a centaur (6 damage)
             ... on level 6 of the Dungeon.
             The game lasted 00:59:41 (9174 turns).

NullDivider the Jinx (Felid Enchanter)              Turns: 9174, Time: 00:59:42

Health: 0/24       AC:  2    Str:  4    XL:     6   Next: 33%
Magic:  7/14       EV: 21    Int: 19    God:    Dithmenos [......]
Gold:   215        SH:  5    Dex: 16    Spells: 9/15 levels left
                                        Lives:  0   Deaths: 2

rFire    . . .     SeeInvis +     - Unarmed
rCold    . . .     Gourm    .   (shield unavailable)
rNeg     . . .     Faith    .   (armour unavailable)
rPois    .         Spirit   .   (helmet unavailable)
rElec    .         Reflect  +   (cloak unavailable)
rCorr    .         Harm     .   (gloves unavailable)
MR       .....                  (boots unavailable)
Stlth    ++++......             e - +5 amulet of reflection
Regen    0.1/turn               (no ring)
MPRegen  0.2/turn               (no ring)

@: quick
A: no armour, no weapons or thrown items, stealth, claws 1, fangs 3, see
invisible, carnivore 3, speed 1, shaggy fur 2, slow metabolism 1, sharp paws
a: Renounce Religion


You were on level 6 of the Dungeon.
You worshipped Dithmenos.
Dithmenos was noncommittal.
You were not hungry.

You visited 2 branches of the dungeon, and saw 7 of its levels.

You collected 286 gold pieces.
You spent 71 gold pieces at shops.

Inventory:

Jewellery
 e - a +5 amulet of reflection (around neck)
Wands
 f - a wand of random effects (11/48)
 y - a wand of random effects (31/48)
Scrolls
 c - 2 scrolls of fear {unknown}
 i - 2 scrolls of noise {unknown}
 j - 7 scrolls of identify {unknown}
 r - 2 scrolls of enchant armour {unknown}
 s - a scroll of magic mapping
 t - a scroll of recharging {unknown}
 u - a scroll of enchant weapon {unknown}
 v - a scroll of blinking {unknown}
 z - a scroll of remove curse {unknown}
 A - a scroll of fog {unknown}
 B - 2 scrolls of random uselessness {unknown}
 C - 2 scrolls of teleportation {unknown}
Potions
 d - a potion of might {unknown}
 g - a potion of invisibility {unknown}
 h - a potion of heal wounds {unknown}
 k - a potion of mutation {unknown}
 l - 2 potions of brilliance {unknown}
 m - a potion of agility {unknown}
 p - 2 potions of curing
 q - a potion of lignification {unknown}
 w - a potion of cancellation {unknown}
 x - a potion of magic {unknown}
Books
 a - a book of Maledictions

   Spells                             Type                      Level
   a - Corona                         Hexes                        1
   b - Ensorcelled Hibernation        Hexes/Ice                    2
   c - Confuse                        Hexes                        3
   d - Tukima's Dance                 Hexes                        3
   e - Dazzling Spray                 Conjuration/Hexes            3
 o - a book of Misfortune

   Spells                             Type                      Level
   a - Confusing Touch                Hexes                        1
   b - Confuse                        Hexes                        3
   c - Gell's Gravitas                Translocation                3
   d - Petrify                        Transmutation/Earth          4
   e - Metabolic Englaciation         Hexes/Ice                    5
   f - Yara's Violent Unravelling     Hexes/Transmutation          5
 E - a book of Callings

   Spells                             Type                      Level
   a - Summon Small Mammal            Summoning                    1
   b - Call Imp                       Summoning                    2
   c - Call Canine Familiar           Summoning                    3
   d - Summon Guardian Golem          Hexes/Summoning              3
   e - Summon Lightning Spire         Summoning/Air                4
   f - Summon Ice Beast               Ice/Summoning                4
Comestibles
 b - 2 meat rations
 n - 3 royal jellies


   Skills:
 + Level 5.7 Dodging
 + Level 6.3 Stealth
 + Level 4.1 Unarmed Combat
 * Level 5.2 Spellcasting
 + Level 8.5 Hexes


You had 9 spell levels left.
You knew the following spells:

 Your Spells              Type           Power        Failure   Level  Hunger
a - Corona                Hex            #####..      1%          1    None
b - Ensorcelled Hibernat  Hex/Ice        ###...       3%          2    #......
c - Confuse               Hex            #####...     1%          3    ##.....


Dungeon Overview and Level Annotations

Branches:
Dungeon (6/15)             Temple (1/1) D:6

Altars:
Ashenzari
Dithmenos
Hepliaklqana
Okawaru
Qazlal
Trog
Uskayaw
Vehumet
Xom

Shops:
D:4 *

Annotations:
D:6 Dowan, Duvessa


Innate Abilities, Weirdness & Mutations

You cannot wear armour.
You are incapable of wielding weapons or throwing items.
Your paws allow you to move quietly. (Stealth)
You have sharp claws.
You have razor-sharp teeth.
You have supernaturally acute eyesight. (SInv)
You are carnivorous and can eat meat at any time.
You cover ground quickly.
You are covered in thick fur. (AC +2)
You have a slow metabolism.
Your sharp claws are effective at attacking unaware monsters.


Message History

Aiming: Confuse
Press: ? - help, Shift-Dir - straight line, f/p - Dowan
Aim: Dowan, wielding a dagger and wearing an embroidered robe (chance to defeat MR: 65%) Dowan appears confused.
Duvessa shouts!
You closely miss Duvessa.
Duvessa is almost dead.
Duvessa hits you with a +0 short sword.
You barely miss Duvessa.
Duvessa is almost dead.
Duvessa misses you.
You scratch Duvessa but do no damage. You bite Duvessa.
Duvessa is almost dead.
Duvessa completely misses you.
The centaur shoots an arrow.
The arrow hits you!
You scratch Duvessa.
Duvessa is almost dead.
Duvessa hits you with a +0 short sword!
* * * LOW HITPOINT WARNING * * *
The centaur shoots an arrow.
The arrow hits you.
You die...

#....##### #.h.#.........S......
##........###.##########.........
#.............# #.........
.........>..### ###.......
............######### #........#
............c.#.e...####.#...e#.#
..[........##.......##†..#....#..
.......................##.....#..
....#...#....##e@...#####.....#..
....#.⌠.#....##.....# #.......# .
#.###...###.# ###..####.##....#..
#...........#####....##.##....#..
#..⌠..>..⌠......[................
................#.#.#..######..##
..###...###................%.....
.. #)⌠.#.......#.#.#.#######....
. #...#.....>.).....# #.e..


You could see Duvessa, Dowan (confused) and a centaur.

Vanquished Creatures
  A centaur (D:5)
  4 ogres
  Blork the orc (D:6)
  2 bullfrogs
  A crimson imp (D:5)
  A gnoll shaman (D:4)
  2 orc priests (D:5)
  3 orc wizards
  3 worker ants
  3 hound skeletons
  A worker ant zombie (D:6)
  10 gnolls
  9 adders
  An ooze (D:3)
  An adder zombie (D:6)
  2 adder skeletons
  A worm (D:3)
  6 dart slugs
  4 leopard geckos
  13 orcs
  7 giant cockroaches
  3 goblins
  7 hobgoblins
  6 jackals
  8 kobolds
  A quokka (D:4)
  3 ball pythons
  A ball python skeleton (D:5)
  7 bats
  6 frilled lizards
  A jackal skeleton (D:5)
  2 leopard gecko skeletons (D:6)
  A quokka skeleton (D:5)
  9 rats
131 creatures vanquished.

Notes
Turn   | Place    | Note
-------+----------+-------------------------------------------
     0 | D:1      | NullDivider the Felid Enchanter began the quest for the Orb.
     0 | D:1      | Reached XP level 1. HP: 7/7 MP: 4/4
   664 | D:1      | Reached XP level 2. HP: 8/11 MP: 6/6
  1002 | D:1      | Learned a level 2 spell: Ensorcelled Hibernation
  1539 | D:2      | Reached XP level 3. HP: 14/14 MP: 5/7
  1558 | D:2      | Reached skill level 5 in Hexes
  2020 | D:2      | You fall through a shaft for 2 floors!
  2026 | D:4      | Noticed an ogre
  2111 | D:4      | Reached XP level 4. HP: 17/18 MP: 1/8
  2188 | D:4      | Noticed an ogre
  3209 | D:3      | Learned a level 3 spell: Confuse
  3760 | D:3      | Reached skill level 6 in Hexes
  3760 | D:3      | Reached XP level 5. HP: 21/21 MP: 6/10
  5427 | D:4      | Reached skill level 5 in Stealth
  5503 | D:4      | Found Boukutto's General Store.
  5507 | D:4      | Bought a potion of curing for 33 gold pieces
  5507 | D:4      | Bought a scroll of magic mapping for 38 gold pieces
  5550 | D:4      | Gained mutation: You are covered in thick fur. (AC +2) [Felid growth]
  5550 | D:4      | Reached XP level 6. HP: 22/24 MP: 6/11
  6412 | D:4      | Reached skill level 7 in Hexes
  6419 | D:4      | Reached XP level 7. HP: 23/27 MP: 9/13
  6514 | D:5      | Entered Level 5 of the Dungeon
  7053 | D:5      | Reached skill level 5 in Dodging
  7851 | D:5      | Reached skill level 8 in Hexes
  8424 | D:6      | Reached XP level 8. HP: 31/31 MP: 14/16
  8445 | D:6      | Noticed Duvessa
  8451 | D:6      | Noticed Dowan
  8900 | D:6      | Noticed Blork the orc
  8934 | D:6      | Reached skill level 5 in Spellcasting
  9066 | D:6      | Slain by Duvessa
  9067 | D:6      | Reached XP level 7. HP: -2/27 MP: 10/15
  9067 | D:6      | Found a staircase to the Ecumenical Temple.
  9074 | Temple   | Entered the Ecumenical Temple
  9086 | Temple   | Became a worshipper of Dithmenos the Shadowed
  9106 | D:6      | Killed Blork the orc
  9157 | D:6      | Shot with an arrow by a centaur
  9158 | D:6      | Reached XP level 6. HP: -1/24 MP: 8/14
  9174 | D:6      | Shot with an arrow by a centaur

Skill      XL: |  1  2  3  4  5  6  7  8 |
---------------+-------------------------+-----
Dodging        | 3 4 5 |  5.7
Hexes          | 5 6 7 8 |  8.5
Unarmed Combat | 2 3 4 |  4.1
Spellcasting   | 3 4 5 |  5.2
Stealth        | 5 6 |  6.3

Action                   |  1- 3 |  4- 6 |  7- 9 || total
-------------------------+-------+-------+-------++-------
Melee: Unarmed           |    98 |   170 |   115 ||   383
       Bite              |     3 |    17 |     6 ||    26
       Punch             |       |     1 |       ||     1
 Cast: Corona            |    11 |    12 |    10 ||    33
       Ensorcelled Hiber |     9 |    59 |    42 ||   110
       Confuse           |       |    10 |     9 ||    19
 Stab: Sleeping          |    13 |    42 |    23 ||    78
       Distracted        |     1 |     2 |     1 ||     4
       Confused          |       |     3 |     2 ||     5
  Eat: Chunk             |    10 |    12 |    10 ||    32
Armor: Skin              |     3 |     7 |     6 ||    16
Dodge: Dodged            |    75 |   101 |    85 ||   261
Block: Other             |     8 |    31 |    23 ||    62
       Reflection        |       |     1 |     1 ||     2
